 Dungeon Crawl Stone Soup version 0.27.1-33-g824d729ab1 (webtiles) character file.

Game seed: 10704647230812800309

21 SensoryNuts the Skirmisher (level 2, -4/26 HPs)
             Began as a Draconian Monk on Dec 7, 2021.
             Slain by an iguana (12 damage)
             ... on level 2 of the Dungeon.
             The game lasted 00:01:15 (1287 turns).

SensoryNuts the Skirmisher (Draconian Monk)         Turns: 1287, Time: 00:01:16

Health: -4/26      AC:  4    Str: 13    XL:     2   Next: 65%
Magic:  2/2        EV: 12    Int: 10    God:
Gold:   3          SH:  0    Dex: 13    Spells: 1/1 levels left

rFire    . . .     SeeInvis .   a - +0 mace
rCold    . . .     Faith    .   (no shield)
rNeg     . . .     Spirit   .   (armour unavailable)
rPois    .         Reflect  .   (helmet restricted)
rElec    .         Harm     .   (no cloak)
rCorr    .         Rampage  .   (no gloves)
Will     .....                  (no boots)
Stlth    ++........             (no amulet)
HPRegen  0.08/turn              (no ring)
MPRegen  0.08/turn              (no ring)

@: no status effects
A: AC +4, unfitting armour, cold-blooded
a: no special abilities


You were on level 2 of the Dungeon.
You visited 1 branch of the dungeon, and saw 2 of its levels.

You collected 3 gold pieces.

Inventory:

Hand Weapons
 a - a +0 mace (weapon)
Potions
 e - 3 potions of curing


   Skills:
 + Level 3.6 Fighting
 + Level 3.3 Maces & Flails
 + Level 2.9 Dodging
 + Level 2.0 Stealth


You had one spell level left.
You didn't know any spells.
Your spell library contained the following spells:

 Spells                   Type           Power      Damage    Failure   Level
 Inner Flame              Hex/Fire       0%         N/A       75%         3
 Cause Fear               Hex            0%         N/A       98%         4
 Discord                  Hex            0%         N/A       100%        8


Dungeon Overview and Level Annotations

Branches:
Dungeon (2/15)

Altars:


Innate Abilities, Weirdness & Mutations

Your plain brown scales are hard. (AC +4)
You cannot fit into any form of body armour.
You are cold-blooded and may be slowed by cold attacks.


Message History

You kill the goblin!
The iguana barely misses you. x2
You hit the iguana.
Your tail-slap misses the iguana.
The iguana is moderately wounded.
The hobgoblin barely misses you. The iguana bites you.
The hobgoblin barely misses you.
You hit the iguana but do no damage.
The iguana is moderately wounded.
The iguana bites you!
Ouch! That really hurt!
The hobgoblin hits you.
You are too injured to fight recklessly!
You are too injured to fight recklessly!
You are too injured to fight recklessly!
You are too injured to fight recklessly!
You are too injured to fight recklessly!
There are monsters nearby!
There are monsters nearby!
You feel better. The iguana barely misses you.
The hobgoblin closely misses you.
You hit the hobgoblin.
You kill the hobgoblin!
The iguana bites you.
Things that are here:
a +0 club; a hobgoblin corpse; a goblin corpse You hit the iguana but do no damage.
The iguana is moderately wounded.
The iguana barely misses you.
You closely miss the iguana.
The iguana is moderately wounded.
The iguana closely misses you. The iguana misses you.
You hit the iguana.
You tail-slap the iguana, but do no damage.
The iguana is heavily wounded.
The iguana bites you.
* * * LOW HITPOINT WARNING * * *
You hit the iguana but do no damage.
The iguana is heavily wounded.
The iguana bites you!
You die...

###...........##.##.###.#
.....##.#####.##.##.###.#
###...........##.##..##.#
#^.##.#####.##.###.##.#
#. #.# .##.# #.##.# #
#.#####.##.###.##.#
#.................#
.####..##>#.####.##.#
#........l@.# #.##.#####
##.####..##....#
#.##...... #..# ....#
#.#######. ..... ....#
#.# #[ .....l.........#
#. ...##.##.######### #.
### #.# .# ##.#######. #.
#........#. ##.#####.#.


You could see an iguana.

Vanquished Creatures
  3 ball pythons (D:1)
  2 bats (D:1)
  2 giant cockroaches (D:1)
  2 goblins
  2 hobgoblins
  A quokka (D:1)
  A frilled lizard (D:1)
  3 kobolds (D:1)
  4 rats (D:1)
20 creatures vanquished.

Notes
Turn   | Place    | Note
-------+----------+-------------------------------------------
     0 | D:1      | SensoryNuts the Draconian Monk began the quest for the Orb.
     0 | D:1      | Reached XP level 1. HP: 19/19 MP: 1/1
   480 | D:1      | Reached XP level 2. HP: 24/26 MP: 2/2
  1287 | D:2      | Slain by an iguana

Illustrated notes

Levels and vault maps discovered:
D:1:      minmay_arrival_split_and_join, layout_loops_corners
D:2:      cheibrodos_fertilizer, layout_loops_ring, roderic_lattice_a,
          uniq_sigmund, uniq_robin

Skill      XL: |  1  2 |
---------------+-------+-----
Stealth        | 2 |  2.0
Fighting       | |  3.6
Maces & Flails | |  3.3
Dodging        | |  2.9

Action                   || total
-------------------------++-------
Melee: Mace              ||    58
       Tailslap          ||     5
  Use: Scroll            ||     4
       Potion            ||     3
 Stab: Sleeping          ||     5
Armor: Skin              ||    13
Dodge: Dodged            ||    57
